 Dungeon Crawl Stone Soup version 0.31-a0-963-ga325b2283a (webtiles) character file.

Game seed: 7456327744772808310

46 Xavori the Trooper (level 3, -2/30 HPs)
             Began as a Djinni Chaos Knight on Oct 24, 2023.
             Was a Plaything of Xom.
             Slain by a wolf spider (14 damage)
             ... summoned by a broodmother
             ... on level 2 of the Dungeon.
             The game lasted 00:02:26 (4762 turns).

Xavori the Trooper (Djinni Chaos Knight)            Turns: 4762, Time: 00:02:26

Health: -2/30      AC:  5    Str: 11    XL:     3   Next: 92%
Gold:   70         EV: 12    Int: 13    God:    Xom [.*....] SH:  0 Dex: 14

rFire   + + .        a - +0 falchion (chaos)
rCold   x . .        (no shield)
rNeg    . . .        b - +2 leather armour
rPois   ∞            (no helmet)
rElec   .            (no cloak)
rCorr   .            (no gloves)
SInv    .            (boots unavailable)
Will    +....        (no amulet)
Stlth   +            (no ring)
HPRegen 1.05/turn    (no ring)
MPRegen 0.00/turn

%: infuse magic (-3 HP)
@: mighty, flying
A: sickness immunity, fire resistance 2, cold vulnerability 1, float, innate
caster, HP casting, extra vitality 1, strong-willed 1, regeneration 1, noise
suppression
a: Renounce Religion


You were on level 2 of the Dungeon.
You worshipped Xom.
You were a plaything of Xom.
You visited 1 branch of the dungeon, and saw 2 of its levels.

You collected 70 gold pieces.

Inventory:

Hand Weapons
 a - a +0 falchion of chaos (weapon)
Armour
 b - a +2 leather armour (worn)
Jewellery
 g - a ring of positive energy
Scrolls
 c - a scroll of butterflies
 d - a scroll of immolation {unknown}
 e - 4 scrolls of identify {unknown}
 f - a scroll of enchant weapon {unknown}
 i - 2 scrolls of fear {unknown}
 j - a scroll of amnesia {unknown}
 k - 2 scrolls of fog {unknown}
 m - a scroll of teleportation {unknown}


   Skills:
 + Level 3.2 Fighting
 + Level 3.0 Long Blades
 + Level 1.5 Armour
 + Level 2.6 Dodging
 * Level 1.0 Spellcasting
 * Level 1.0 Conjurations
 * Level 1.0 Hexes
   Level 0.0 Charms
 * Level 1.0 Summonings
 * Level 1.0 Necromancy
 * Level 1.0 Translocations
 * Level 1.0 Transmutations
 * Level 1.0 Fire Magic
 * Level 1.0 Ice Magic
 * Level 1.0 Air Magic
 * Level 1.0 Earth Magic
 * Level 1.0 Poison Magic


You knew the following spells:

 Your Spells              Type           Power      Damage    Failure   Level
a - Shock                 Conj/Air       12%        1d3       24%         1
Your spell library was empty.

Dungeon Overview and Level Annotations

Branches:
Dungeon (2/15)

Altars:


Innate Abilities, Weirdness & Mutations

You are immune to sickness and miasma.
You are immune to poison.
Your flesh is very heat resistant. (rF++)
You are vulnerable to cold. (rC-)
You float through the air rather than walking.
You learn spells naturally, not from books.
Your magical power is your life essence.
You have superior vitality. (+4 MHP)
You are strong-willed. (Will+)
Your natural rate of healing is unusually fast.
You passively dampen the noise of your surroundings.


Message History

The worm barely misses you.
You barely miss the worm.
The worm is lightly wounded.
You bump into the rock wall.
You feel less confused. The worm closely misses you.
You hit the worm. You burn the worm.
The worm is severely wounded.
You hit the worm.
The worm is severely wounded.
The worm seems less confused.
The worm bites you.
You hit the worm.
The worm changes into a glowing shapeshifter!
The glowing shapeshifter is moderately wounded.
The glowing shapeshifter changes into a wolf spider!
The wolf spider changes into a goliath frog!
You hit the goliath frog. You drain the goliath frog.
You punch the goliath frog, but do no damage.
The goliath frog is heavily wounded.
The goliath frog hits you but does no damage.
Casting: Shock (safe; 24% risk of failure)
Confirm with . or Enter, or press ? or * to list all spells.
Okay, then.
It was a potion of curing.
You feel better.
The goliath frog changes into a broodmother!
It was a potion of might.
You feel very mighty all of a sudden.
Xom thinks this is hilarious!
The broodmother bites you.
A spider bursts forth from the wound!
You slash the broodmother!
The broodmother is lightly wounded.
The broodmother misses you. The broodmother bites you.
The wolf spider misses you. The wolf spider bites you!
The broodmother bites you but does no damage.
The wolf spider hits you. The wolf spider bites you!
You closely miss the wolf spider.
The broodmother changes into a bunyip!
The wolf spider hits you!
You die...
Xom is highly amused!

##..##
####
#..##
#.## #.#
# ####.#
.
###....#
#$x.####
#s###
#@+ #.+
#.+ ###
####
#... ##.
## #


You could see a bunyip shaped shifter and a wolf spider (summoned).

Vanquished Creatures
  An adder (D:2)
  A worm (D:2)
  2 endoplasms (D:1)
  2 giant cockroaches (D:1)
  4 goblins
  2 hobgoblins
  5 kobolds
  A quokka (D:1)
  3 ball pythons
  4 bats
  2 frilled lizards (D:2)
  6 rats
33 creatures vanquished.

Notes
Turn   | Place    | Note
-------+----------+-------------------------------------------
     0 | D:1      | Xavori the Djinni Chaos Knight began the quest for the Orb.
     0 | D:1      | Reached XP level 1. HP: 20/20 MP: 0/0
   102 | D:1      | XOM: silly message
   229 | D:1      | Reached XP level 2. HP: 25/25 MP: 0/0
   489 | D:1      | XOM: divination: detect items
   908 | D:1      | XOM is BORED!
  1112 | D:1      | XOM: silly message
  1940 | D:1      | XOM: scenery: summon butterflies
  1970 | D:1      | XOM: cloud trail
  3848 | D:1      | XOM: scenery: summon butterflies
  4259 | D:1      | XOM: give mutations
  4259 | D:1      | Gained mutation: You are strong-willed. (Will+) [Xom's
                  | grace]
  4259 | D:1      | Gained mutation: You passively dampen the noise of your
                  | surroundings. [Xom's grace]
  4259 | D:1      | Gained mutation: Your natural rate of healing is unusually
                  | fast. [Xom's grace]
  4485 | D:2      | Reached XP level 3. HP: 24/30 MP: 0/0
  4485 | D:2      | Learned a level 1 spell: Shock
  4526 | D:2      | XOM: divination: detect creatures
  4654 | D:2      | XOM: fog
  4724 | D:2      | Reached skill level 1 in Spellcasting
  4724 | D:2      | Reached skill level 1 in Conjurations
  4724 | D:2      | Reached skill level 1 in Hexes
  4724 | D:2      | Reached skill level 1 in Summonings
  4724 | D:2      | Reached skill level 1 in Necromancy
  4724 | D:2      | Reached skill level 1 in Translocations
  4724 | D:2      | Reached skill level 1 in Transmutations
  4724 | D:2      | Reached skill level 1 in Fire Magic
  4724 | D:2      | Reached skill level 1 in Ice Magic
  4724 | D:2      | Reached skill level 1 in Air Magic
  4724 | D:2      | Reached skill level 1 in Earth Magic
  4724 | D:2      | Reached skill level 1 in Poison Magic
  4744 | D:2      | XOM: confusion (+ monsters)
  4754 | D:2      | a worm changed into a glowing shapeshifter
  4754 | D:2      | Noticed a glowing shapeshifter (glowing shapeshifter)
  4754 | D:2      | a glowing shapeshifter changed into a wolf spider
  4754 | D:2      | Noticed a wolf spider (glowing shapeshifter)
  4754 | D:2      | a wolf spider changed into a goliath frog
  4754 | D:2      | Noticed a goliath frog (glowing shapeshifter)
  4756 | D:2      | a goliath frog changed into a broodmother
  4756 | D:2      | Noticed a broodmother (glowing shapeshifter)
  4758 | D:2      | Noticed a wolf spider
  4762 | D:2      | a broodmother changed into a bunyip
  4762 | D:2      | Noticed a bunyip (glowing shapeshifter)
  4762 | D:2      | Slain by a wolf spider

Illustrated notes

Levels and vault maps discovered:
D:1:      lightli_arrival_farm, layout_basic, hangedman_decor_clover_reticule
D:2:      layout_basic, chequers_big_river, kennysheep_cross_bottleneck

Skill      XL: |  1  2  3 |
---------------+----------+-----
Long Blades    | 3 |  3.0
Spellcasting   | 1 |  1.0
Conjurations   | 1 |  1.0
Hexes          | 1 |  1.0
Summonings     | 1 |  1.0
Necromancy     | 1 |  1.0
Translocations | 1 |  1.0
Transmutations | 1 |  1.0
Fire Magic     | 1 |  1.0
Ice Magic      | 1 |  1.0
Air Magic      | 1 |  1.0
Earth Magic    | 1 |  1.0
Poison Magic   | 1 |  1.0
Fighting       | |  3.2
Armour         | |  1.5
Dodging        | |  2.6

Action                     || total
---------------------------++-------
  Melee: Falchion          ||   102
         Punch             ||     1
    Use: Potion            ||     2
 Armour: Leather armour    ||    62
  Dodge: Dodged            ||    75

Table legend: (Time is in decaauts)
 A = Elapsed time spent in this place.
 B = Non-inter-level travel time spent in this place.
 C = Inter-level travel time spent in this place.
 D = Time resting spent in this place.
 E = Time spent auto-exploring this place.
 F = Levels seen in this place.
 G = Mean time per level.
                   A        B        C        D        E       F      G
               +--------+--------+--------+--------+--------+-----+--------+
         Total |   4778 |   4740 |     38 |   3767 |    719 |   2 | 2389.0 |
       Dungeon |   4778 |   4740 |     38 |   3767 |    719 |   2 | 2389.0 |
               +--------+--------+--------+--------+--------+-----+--------+

Top non-repeatable levels by time:
     D:1: 4413 daAuts
     D:2: 365 daAuts
